 Dungeon Crawl Stone Soup version 0.24.0-37-gcf1ca852f1 (webtiles) character file.

Game seed: 85419148269511695, levelgen mode: deterministic

40 Emblim88 the Charlatan (level 3, -3/27 HPs)
             Began as a Demonspawn Artificer on Nov 23, 2019.
             Slain by Robin
             ... wielding a +0 whip
              (4 damage)
             ... on level 2 of the Dungeon.
             The game lasted 00:03:39 (1145 turns).

Emblim88 the Charlatan (Demonspawn Artificer)       Turns: 1145, Time: 00:03:39

Health: -3/27      AC:  3    Str: 13    XL:     3   Next: 30%
Magic:  5/5        EV: 14    Int: 12    God:
Gold:   104        SH:  7    Dex: 18    Spells: 2/2 levels left

rFire    . . .     SeeInvis +   s - +4 dagger
rCold    . . .     Gourm    .   r - +0 shield
rNeg     . . .     Faith    .   b - +0 leather armour
rPois    .         Spirit   .   (no helmet)
rElec    .         Reflect  .   (no cloak)
rCorr    .         Harm     .   (no gloves)
MR       +....                  (no boots)
Stlth    +++.......             p - amulet of magic regeneration
HPRegen  0.09/turn              k - ring of protection from magic
MPRegen  0.34/turn              o - ring of see invisible

@: agile
A: powered by pain 1
a: no special abilities


You were on level 2 of the Dungeon.
You were hungry.

You visited 1 branch of the dungeon, and saw 2 of its levels.

You collected 104 gold pieces.

Inventory:

Hand Weapons
 a - a +0 short sword
 s - a +4 dagger (weapon)
Armour
 b - a +0 leather armour (worn)
 n - a +0 plate armour
 r - a +0 shield (worn)
Jewellery
 k - a ring of protection from magic (left hand)
 o - a ring of see invisible (right hand)
 p - an amulet of magic regeneration (around neck)
Wands
 c - a wand of flame (7)
 d - a wand of enslavement (14)
 e - a wand of random effects (15)
Scrolls
 i - a scroll of fear {unknown}
 j - a scroll of teleportation {unknown}
 l - a scroll of noise {unknown}
 m - a scroll of amnesia {unknown}
 q - a scroll of enchant armour {unknown}
Comestibles
 f - 3 rations


   Skills:
 + Level 1.8 Fighting
 + Level 1.5 Short Blades
 + Level 2.3 Dodging
 - Level 0.8 Stealth
 + Level 3.3 Evocations


You had 2 spell levels left.
You didn't know any spells.
Your spell library was empty.

Dungeon Overview and Level Annotations

Branches:
Dungeon (2/15)

Altars:

Annotations:
D:2 Robin


Innate Abilities, Weirdness & Mutations

You sometimes gain a little power by taking damage.


Message History

Press: ? - help, Shift-Dir - straight line, f - goblin, p - goblin
Aim: a goblin (unusually strong)
The puff of flame misses the goblin.
The goblin hits you with a +0 dagger.
* * * LOW HITPOINT WARNING * * *
You block the goblin's attack. Robin throws the goblin at you!
* * * LOW HITPOINT WARNING * * *
Your leather armour prevents you from hitting the goblin.
The goblin hits you with a +0 dagger.
* * * LOW HITPOINT WARNING * * *
You block the goblin's attack.
It was a potion of agility.
You feel agile all of a sudden. You block the goblin's attack.
The goblin barely misses you. Robin barely misses you.
As you read the scroll labeled ILENIZASAK, it crumbles to dust.
You feel blessed for a moment.
It was a scroll of remove curse.
You block the goblin's attack. The goblin hits you.
* * * LOW HITPOINT WARNING * * *
Robin hits you with a +0 whip.
You die...

# ### # #.#).
.# .#.###.#
......#
#.)..####
#.......+
#####....####
#g@g)%...#
#g###.##.# #.
#...#.# #.
#...#.# #.
#...#.# #.
##.##.#
#.###.##.#
#........#
###.###.##


You could see Robin and 2 goblins.

Vanquished Creatures
  A gnoll (D:1)
  2 leopard geckos (D:1)
  A ball python (D:1)
  2 giant cockroaches (D:1)
  8 goblins
  2 hobgoblins
  2 bats (D:1)
  2 frilled lizards (D:1)
  4 kobolds
  2 rats (D:1)
26 creatures vanquished.

Notes
Turn   | Place    | Note
-------+----------+-------------------------------------------
     0 | D:1      | Emblim88 the Demonspawn Artificer began the quest for the
                  | Orb.
     0 | D:1      | Reached XP level 1. HP: 15/15 MP: 3/3
    50 | D:1      | Reached skill level 1 in Short Blades
   293 | D:1      | Gained mutation: You sometimes gain a little power by
                  | taking damage. [demonic ancestry]
   293 | D:1      | Reached XP level 2. HP: 21/21 MP: 4/4
   580 | D:1      | Reached XP level 3. HP: 13/27 MP: 5/5
  1138 | D:2      | Noticed Robin
  1143 | D:2      | HP: 1/27 [goblin/+0 dagger[Robin] (6)]
  1145 | D:2      | Slain by Robin

Levels and vault maps discovered:
D:1:      dpeg_arrival_simpleton_c, layout_loops_corners
D:2:      layout_loops_corners, nicolae_overflow_hidden_temple, uniq_robin

Skill      XL: |  1 |
---------------+----+-----
Short Blades   | 1 |  1.5
Dodging        | 2 |  2.3
Fighting       | |  1.8
Stealth        | |  0.8
Evocations     | |  3.3

Action                   || total
-------------------------++-------
Melee: Short sword       ||    78
       Dagger            ||     4
Evoke: Wand              ||     9
  Use: Scroll            ||     1
       Potion            ||     1
 Stab: Sleeping          ||     1
Armor: Leather armour    ||    36
Dodge: Dodged            ||    66
Block: Shield            ||    13
